 Dungeon Crawl Stone Soup version 0.19.0-11-g3fc08b3 (webtiles) character file.

12364 Monkfish the Severer (level 11, -4/148 HPs)
             Began as a Minotaur Berserker on Nov 9, 2016.
             Was a High Priest of Trog.
             Slain by an orc
             ... wielding a +1 trident of distortion
              (5 damage)
             ... on level 12 of the Dungeon.
             The game lasted 00:15:07 (6945 turns).

Monkfish the Severer (Minotaur Berserker)           Turns: 6945, Time: 00:15:08

Health: -4/148     AC: 19    Str: 28    XL:     11   Next: 61%
Magic:  10/10      EV: 10    Int:  4    God:    Trog [*****.]
Gold:   873        SH:  0    Dex: 12    Spells: 0 memorised, 10 levels left

rFire  . . .     SeeInvis +     C - +4 broad axe (chop)
rCold  . . .     Gourm    .     w - +1 plate armour
rNeg   . . .     Faith    +     (no shield)
rPois  .         Spirit   .     (helmet restricted)
rElec  .         Reflect  .     (no cloak)
rCorr  +         Harm     .     H - +0 pair of gloves
MR     ++...                    a - +0 pair of boots
Stlth  ..........               e - amulet of faith
                                q - ring of resist corrosion
                                j - ring of see invisible

@: berserking, lethally poisoned (-4 -> -4), barbed spikes, regenerating, very
quick
A: retaliatory headbutt, horns 2
a: Berserk, Trog's Hand, Brothers in Arms, Burn Spellbooks, Renounce Religion


You were on level 12 of the Dungeon.
You worshipped Trog.
Trog was extremely pleased with you.
You were not hungry.

You visited 1 branch of the dungeon, and saw 12 of its levels.

You collected 873 gold pieces.

Inventory:

Hand Weapons
 m - the +3 whip "Ateis" {slash, Dex+5}
   (You found it on level 10 of the Dungeon)

   It inflicts extra damage upon your enemies.
   It affects your dexterity (+5).
 C - a +4 broad axe of chopping (weapon)
 G - a +1 battleaxe of distortion
Armour
 a - a +0 pair of boots (worn)
 w - a +1 plate armour (worn)
 H - a +0 pair of gloves (worn)
Jewellery
 e - an amulet of faith (around neck)
 j - a ring of see invisible (left hand)
 o - an uncursed ring of stealth
 q - a ring of resist corrosion (right hand)
Wands
 b - a wand of iceblast (8/15)
 k - a wand of paralysis (24/24)
 x - a wand of flame (25/48)
 D - a wand of acid (9/15)
Scrolls
 d - 3 scrolls of fear
 g - 2 scrolls of identify
 i - a scroll of recharging
 t - 3 scrolls of magic mapping
 u - 2 scrolls of enchant armour
 v - 2 scrolls of blinking
 y - a scroll of holy word
Potions
 f - 6 potions of curing
 s - a potion of flight
 z - 2 potions of cure mutation
Miscellaneous
 F - a phantom mirror
Comestibles
 c - 7 bread rations
 h - 6 meat rations
 l - a royal jelly
 p - 20 fruits


   Skills:
 + Level 10.0 Fighting
 + Level 15.5 Axes
 * Level 11.7 Armour
 + Level 4.6 Dodging


You had 10 spell levels left.
You didn't know any spells.

Dungeon Overview and Level Annotations

Branches:
Dungeon (12/15)            Temple (0/1) D:4            Lair (0/6) D:11
    Orc: D:9-12

Altars:
Ashenzari
Dithmenos
Gozag
Okawaru
Xom

Shops:
D:10 !


Innate Abilities, Weirdness & Mutations

You reflexively headbutt those who attack you in melee.
You have a pair of horns on your head.


Message History

You closely miss the orc priest. The orc closely misses you.
You slice the orc priest!!
You kill the orc priest!
Trog accepts your kill.
You slash the orc!
You kill the orc!
Trog accepts your kill.
The orc hits you from afar with a trident of distortion.
* * * LOW HITPOINT WARNING * * *
Space bends around you.
* * * LOW HITPOINT WARNING * * *
Unknown command.
The barbs in your skin will harm you if you move.
Continue?
Okay, then.
You feel a strong urge to attack something.
You feel sick.
The orc hits you from afar with a trident of distortion.
* * * LOW HITPOINT WARNING * * *
Space bends around you.
You die...

.. .. .... ....## .
##...# #.....# .
#.?...###.......
................
................
...............(
.......))...<...
.....o.)@.......
...##...)........ ####
.. #..o......... ...##
.o #............ ....##
.#............. .....##
.........#.....
......####(......###....
.......##.).....## #...
........##.....## #.


You could see 2 orcs.

Vanquished Creatures
  2 hill giants
  Pikel (D:7)
  An ugly thing (D:11)
  2 manticores (D:12)
  A centaur zombie (D:11)
  Joseph (D:8)
  Psyche (D:10)
  A gargoyle (D:12)
  A troll (D:11)
  2 two-headed ogres
  A hornet (D:9)
  6 yaks (D:12)
  2 hungry ghosts
  Grum (D:8)
  2 water moccasins
  Duvessa (D:7)
  6 orc warriors
  3 sky beasts
  3 ice beasts
  3 black bears
  2 phantoms
  2 necrophages
  7 centaurs
  2 wolves (D:8)
  2 ogres
  A big kobold (D:8)
  6 bullfrogs
  A wyvern zombie (D:7)
  2 scorpions
  Dowan (D:7)
  7 killer bees
  4 crimson imps
  8 jellies
  2 quasits
  18 orc priests
  12 orc wizards
  A gnoll shaman (D:4)
  A bullfrog skeleton (D:10)
  4 centaur skeletons
  7 hounds
  3 iguanas
  9 worker ants
  2 hound skeletons
  A howler monkey zombie (D:10)
  Robin (D:2)
  2 worker ant zombies
  7 gnolls
  8 adders
  An ooze (D:7)
  An adder skeleton (D:6)
  2 worms (D:3)
  A dart slug (D:3)
  11 leopard geckos
  53 orcs
  7 bats
  4 giant cockroaches
  17 goblins
  15 hobgoblins
  3 jackals
  2 quokkas (D:9)
  9 frilled lizards
  A giant cockroach zombie (D:6)
  10 kobolds
  A leopard gecko zombie (D:7)
  A quokka skeleton (D:5)
  7 rats
310 creatures vanquished.

Notes
Turn   | Place    | Note
-------+----------+-------------------------------------------
     0 | D:1      | Monkfish the Minotaur Berserker began the quest for the Orb.
     0 | D:1      | Reached XP level 1. HP: 19/19 MP: 0/0
   200 | D:1      | Reached skill level 4 in Axes
   200 | D:1      | Reached XP level 2. HP: 21/27 MP: 1/1
   561 | D:2      | Reached XP level 3. HP: 33/33 MP: 2/2
   562 | D:2      | Reached ** piety under Trog
   569 | D:2      | Noticed Robin
   573 | D:2      | Killed Robin
   667 | D:2      | Reached XP level 4. HP: 28/40 MP: 3/3
   867 | D:2      | Reached *** piety under Trog
  1068 | D:3      | Reached skill level 5 in Axes
  1441 | D:3      | Reached XP level 5. HP: 16/47 MP: 4/4
  1535 | D:4      | Found a staircase to the Ecumenical Temple.
  1555 | D:4      | Reached skill level 6 in Axes
  1559 | D:4      | Reached XP level 6. HP: 53/53 MP: 5/5
  1564 | D:4      | Reached **** piety under Trog
  1913 | D:5      | Entered Level 5 of the Dungeon
  1919 | D:5      | Reached skill level 7 in Axes
  1987 | D:5      | Reached XP level 7. HP: 37/60 MP: 6/6
  2104 | D:5      | Reached skill level 5 in Fighting
  2112 | D:5      | Reached skill level 8 in Axes
  2112 | D:5      | Reached skill level 5 in Armour
  2584 | D:6      | Reached skill level 9 in Axes
  2584 | D:6      | Reached XP level 8. HP: 64/69 MP: 7/7
  3102 | D:7      | Noticed Duvessa
  3102 | D:7      | Noticed Dowan
  3110 | D:7      | Killed Duvessa
  3117 | D:7      | Killed Dowan
  3170 | D:7      | Reached ***** piety under Trog
  3237 | D:7      | Reached skill level 10 in Axes
  3487 | D:7      | Reached XP level 9. HP: 40/78 MP: 8/8
  3554 | D:7      | Reached skill level 11 in Axes
  3693 | D:7      | Noticed Pikel
  3705 | D:7      | Killed Pikel
  3765 | D:7      | Reached skill level 12 in Axes
  3947 | D:8      | Noticed a hill giant
  3954 | D:8      | Killed a hill giant
  4229 | D:8      | Reached XP level 10. HP: 88/88 MP: 9/9
  4304 | D:8      | Found an opulent altar of Gozag.
  4389 | D:8      | Noticed Grum
  4398 | D:8      | Killed Grum
  4398 | D:8      | Reached skill level 13 in Axes
  4464 | D:8      | Received a gift from Trog
  4536 | D:8      | Noticed Joseph
  4545 | D:8      | Killed Joseph
  4923 | D:9      | Paralysed by a hornet for 1 turns
  5139 | D:9      | Found a shimmering altar of Xom.
  5141 | D:9      | Found a shattered altar of Ashenzari.
  5141 | D:9      | Found an iron altar of Okawaru.
  5303 | D:9      | Gained mutation: Your magical capacity is low. (-10% MP) [potion of mutation]
  5303 | D:9      | Gained mutation: Your spells are a little easier to cast, but a little less powerful. [potion of mutation]
  5303 | D:9      | Gained mutation: Your muscles are strong. (Str +2) [potion of mutation]
  5304 | D:9      | Lost mutation: Your magical capacity is low. (-10% MP) [potion of cure mutation]
  5304 | D:9      | Lost mutation: Your muscles are strong. (Str +2) [potion of cure mutation]
  5304 | D:9      | Lost mutation: Your spells are a little easier to cast, but a little less powerful. [potion of cure mutation]
  5315 | D:10     | Entered Level 10 of the Dungeon
  5315 | D:10     | Noticed Psyche
  5320 | D:10     | Killed Psyche
  5320 | D:10     | Reached skill level 14 in Axes
  5329 | D:10     | Got a shimmering whip
  5330 | D:10     | Identified the +3 whip "Ateis" {slash, Dex+5} (You found it on level 10 of the Dungeon)
  5410 | D:10     | Reached skill level 10 in Armour
  5472 | D:10     | Found Ymelueti's Distillery.
  6047 | D:11     | Found a staircase to the Lair.
  6058 | D:11     | Noticed a hill giant
  6075 | D:11     | Killed a hill giant
  6075 | D:11     | Reached XP level 11. HP: 51/97 MP: 10/10
  6103 | D:11     | Noticed a cyan ugly thing
  6117 | D:11     | Killed a cyan ugly thing
  6136 | D:11     | Received a gift from Trog
  6586 | D:11     | Found a shadowy altar of Dithmenos.
  6622 | D:11     | Reached skill level 15 in Axes
  6935 | D:12     | Reached skill level 10 in Fighting
  6937 | D:12     | HP: 7/148 [orc/trident of distortion (5)]
  6943 | D:12     | HP: 6/148 [orc/trident of distortion (2)]
  6945 | D:12     | HP: 1/148 [orc/trident of distortion (3)]
  6945 | D:12     | Slain by an orc

Skill      XL: |  1  2  3  4  5  6  7  8  9 10 11 |
---------------+----------------------------------+-----
Axes           | 4 5 6 7 9 10 12 14 15 | 15.5
Fighting       | 4 5 6 7 9 10 | 10.0
Armour         | 3 4 5 6 8 10 11 | 11.7
Dodging        | 3 4 |  4.6

Action                   |  1- 3 |  4- 6 |  7- 9 | 10-12 || total
-------------------------+-------+-------+-------+-------++-------
Melee: Hand axe          |    65 |    65 |       |       ||   130
       Headbutt          |    10 |    19 |    36 |    52 ||   117
       War axe           |       |    46 |    52 |       ||    98
       Battleaxe         |       |       |   137 |    25 ||   162
       Broad axe         |       |       |       |   225 ||   225
Invok: Berserk           |     2 |     2 |     3 |     2 ||     9
       Trog's Hand       |       |     1 |     5 |     9 ||    15
       Burn Spellbooks   |       |     1 |       |       ||     1
       Brothers in Arms  |       |       |       |     1 ||     1
  Use: Potion            |     3 |     2 |     5 |     5 ||    15
       Scroll            |     2 |     4 |    11 |     8 ||    25
  Eat: Chunk             |       |     7 |     7 |       ||    14
       Fruit             |       |       |     2 |     4 ||     6
       Bread ration      |       |       |     1 |     1 ||     2
       Meat ration       |       |       |     1 |       ||     1
       Beef jerky        |       |       |       |     2 ||     2
       Pizza             |       |       |       |     1 ||     1
Armor: Animal skin       |    11 |       |       |       ||    11
       Leather armour    |     3 |    29 |    23 |       ||    55
       Plate armour      |       |       |    70 |   154 ||   224
Dodge: Dodged            |    52 |    77 |   108 |   126 ||   363
